 Dungeon Crawl Stone Soup version 0.30.0-29-ga12c61a403 (webtiles) character file.

Game seed: 962172093053149334

1362 Peloso the Cudgeller (level 8, -6/70 HPs)
             Began as a Minotaur Fighter on June 24, 2023.
             Was an Initiate of Okawaru.
             Killed by divine providence
             ... invoked by an orc priest
              (9 damage)
             ... on level 6 of the Dungeon.
             The game lasted 00:10:42 (4335 turns).

Peloso the Cudgeller (Minotaur Fighter)             Turns: 4335, Time: 00:10:43

Health: -6/70      AC: 14    Str: 19    XL:     8   Next: 37%
Magic:  7/7        EV:  6    Int:  5    God:    Okawaru [......]
Gold:   221        SH:  5    Dex: 11    Spells: 7/7 levels left

rFire   + . .        a - +7 mace of Wiuzxagy {freeze, rPois rF+ Str-3}
rCold   . . .        d - +0 buckler
rNeg    . . .        r - +0 plate armour
rPois   +            (helmet restricted)
rElec   .            (no cloak)
rCorr   .            (no gloves)
SInv    .            y - +0 pair of boots
Will    .....        (no amulet) Stlth
                     (no ring)
HPRegen 0.31/turn    (no ring)
MPRegen 0.10/turn

%: no passive effects
@: no status effects
A: horns 2, retaliatory headbutt
a: Renounce Religion


You were on level 6 of the Dungeon.
You worshipped Okawaru.
Okawaru was noncommittal.
You visited 2 branches of the dungeon, and saw 7 of its levels.
You also visited: Sewer and Ossuary.

You collected 221 gold pieces.

Inventory:

Hand Weapons
 a - the +7 mace of Wiuzxagy (weapon) {freeze, rPois rF+ Str-3}
   (You found it on level 3 of the Dungeon)

   Str:       It affects your strength (-3).
   rF:        It protects you from fire.
   rPois:     It protects you from poison.
 b - a +0 long sword
Armour
 c - a +1 scale mail
 d - a +0 buckler (worn)
 r - a +0 plate armour (worn)
 y - a +0 pair of boots (worn)
Jewellery
 z - a ring of fire
Wands
 q - a wand of light (8)
 x - a wand of paralysis (2)
Scrolls
 g - 5 scrolls of teleportation
 h - 3 scrolls of fog
 k - a scroll of immolation
 l - 2 scrolls of enchant weapon
 n - a scroll of fear {unknown}
 s - 2 scrolls of blinking {unknown}
 t - a scroll of magic mapping
 v - 2 scrolls of butterflies {unknown}
 w - a scroll of enchant armour
 A - a scroll of poison
 C - a scroll of identify
Potions
 e - a potion of berserk rage
 f - 5 potions of cancellation
 i - 2 potions of brilliance
 j - 2 potions of curing
 m - 3 potions of resistance
 o - 3 potions of might
 p - a potion of mutation
 u - a potion of magic {unknown}
 B - a potion of degeneration {unknown}


   Skills:
 + Level 6.2 Fighting
 + Level 4.3 Long Blades
 + Level 7.4 Maces & Flails
 + Level 7.0 Armour
 + Level 1.2 Dodging
 + Level 0.5 Stealth
 + Level 5.1 Shields


You had 7 spell levels left.
You didn't know any spells.
Your spell library contained the following spells:

 Spells                   Type           Power      Damage    Failure   Level
 Slow                     Hex            0%         N/A       100%        1
 Confusing Touch          Hex            0%         N/A       100%        3
 Vampiric Draining        Necr           0%         2d6       100%        3


Dungeon Overview and Level Annotations

Branches:
Dungeon (6/15)             Temple (1/1) D:5           Sewer (visited)
Ossuary (visited)

Altars:
Ashenzari
Elyvilon
Fedhas
Hepliaklqana
Okawaru
Qazlal
Ru
Sif Muna
Wu Jian
Xom
Zin
The Shining One

Annotations:
D:6 Edmund


Innate Abilities, Weirdness & Mutations

You have a pair of horns on your head.
You reflexively headbutt those who attack you in melee.


Message History

The orc warrior is moderately wounded.
The orc warrior barely misses you.
You barely miss the orc warrior.
The orc warrior is moderately wounded.
The orc priest mumbles some strange prayers to Beogh against you.
Beogh smites you!
* * * LOW HITPOINT WARNING * * *
The orc warrior hits you with a +0 hand axe.
* * * LOW HITPOINT WARNING * * *
You feel better.
The orc priest miscasts a cantrip.
The orc warrior hits you but does no damage.
You sock the orc warrior! You freeze the orc warrior.
Your headbutt misses the orc warrior.
The orc warrior is severely wounded.
The orc warrior barely misses you. You furiously retaliate!
You headbutt the orc warrior, but do no damage.
The orc priest calls upon Beogh to heal the orc warrior.
The orc warrior is healed somewhat.
You hit the orc warrior. You freeze the orc warrior.
The orc warrior is almost dead.
The orc warrior hits you but does no damage.
The orc priest calls down the wrath of Beogh upon you.
Beogh smites you!
* * * LOW HITPOINT WARNING * * *
Unknown command.
You closely miss the orc warrior.
The orc warrior is almost dead.
The orc warrior barely misses you. You furiously retaliate!
You headbutt the orc warrior!
You kill the orc warrior!
Okawaru accepts your kill.
Your Armour skill increases to level 7!
You feel better.
The orc priest invokes the aid of Beogh against you.
Pain shoots through your body!
* * * LOW HITPOINT WARNING * * *
The orc priest invokes the aid of Beogh against you.
Beogh smites you!
You die...

#.).# #.#.### ..#
#[#...# >.# #.###.#
#.#.@#####.. #.# #.###
#....#...#.. #.# #...#
#.#._#...#_.
.......##.###.#..#...#..
####.#. #..##.#.o#####..
# .. ##.@..#.........
#.. ####.##.......# ###
#.oo....# #########


You could see 2 orc priests.

Vanquished Creatures
  Grinder (D:5)
  An orc warrior (D:6)
  2 ice beasts (D:5)
  A phantom (D:4)
  3 wights (D:6)
  3 centaur zombies (Ossuary)
  2 orc priests (D:5)
  4 hounds
  Ijyb (D:5)
  Terence (D:2)
  2 iguanas
  A sleepcap (D:5)
  A hell rat (Sewer)
  4 mummies (Ossuary)
  7 adders
  3 river rats (Sewer)
  2 ufetubi (D:5)
  A dart slug (D:5)
  8 orcs
  6 ball pythons
  A bat (D:1)
  6 endoplasms
  5 giant cockroaches
  7 hobgoblins
  7 jackals
  7 kobolds
  8 quokkas
  2 frilled lizards
  8 goblins
  4 hobgoblin zombies (Ossuary)
  12 rats
121 creatures vanquished.

Notes
Turn   | Place    | Note
-------+----------+-------------------------------------------
     0 | D:1      | Peloso the Minotaur Fighter began the quest for the Orb.
     0 | D:1      | Reached XP level 1. HP: 19/19 MP: 0/0
   171 | D:1      | Reached XP level 2. HP: 24/27 MP: 1/1
   549 | D:1      | Reached XP level 3. HP: 33/33 MP: 2/2
   746 | D:2      | Noticed Terence
   759 | D:2      | Killed Terence
   949 | D:2      | Reached XP level 4. HP: 32/41 MP: 3/3
  1012 | D:2      | Found a faded altar of an unknown god.
  1379 | D:3      | Identified the +7 mace of Wiuzxagy {freeze, rPois rF+
                  | Str-3}
  1444 | D:3      | Found an ornate altar of the Wu Jian Council.
  1524 | D:3      | Found a blossoming altar of Fedhas.
  1623 | D:3      | Found a glowing drain.
  1633 | Sewer    | Entered a sewer
  1710 | Sewer    | Reached XP level 5. HP: 41/47 MP: 4/4
  1848 | D:3      | Found a stormy altar of Qazlal.
  1848 | D:3      | Noticed an air elemental
  1856 | D:3      | Noticed a fire elemental
  1856 | D:3      | Noticed a water elemental
  2091 | D:3      | Found a broken altar of Ashenzari.
  2360 | D:4      | Noticed a phantom
  2366 | D:4      | Reached skill level 1 in Maces & Flails
  2379 | D:4      | Killed a phantom
  2380 | D:4      | Reached skill level 5 in Fighting
  2380 | D:4      | Reached skill level 1 in Dodging
  2423 | D:4      | Reached XP level 6. HP: 56/56 MP: 5/5
  2578 | D:4      | Found a sand-covered staircase.
  2592 | Ossuary  | Entered an ossuary
  3126 | D:5      | Entered Level 5 of the Dungeon
  3133 | D:5      | Reached skill level 5 in Armour
  3163 | D:5      | Noticed an ice beast
  3167 | D:5      | Reached XP level 7. HP: 61/61 MP: 6/6
  3173 | D:5      | Reached skill level 5 in Maces & Flails
  3216 | D:5      | Noticed Ijyb
  3222 | D:5      | Paralysed by Ijyb for 2 turns
  3224 | D:5      | Killed Ijyb
  3282 | D:5      | Noticed Grinder
  3293 | D:5      | Paralysed by Grinder for 2 turns
  3300 | D:5      | Killed Grinder
  3634 | D:5      | Reached XP level 8. HP: 55/70 MP: 7/7
  3637 | D:5      | Reached skill level 5 in Shields
  3875 | D:5      | Found a staircase to the Ecumenical Temple.
  4189 | Temple   | Entered the Ecumenical Temple
  4213 | Temple   | Became a worshipper of Warmaster Okawaru
  4300 | D:6      | Found a glowing silver altar of Zin.
  4300 | D:6      | Found a shimmering altar of Xom.
  4300 | D:6      | Noticed an angel
  4300 | D:6      | Noticed Edmund
  4334 | D:6      | HP: 3/70 [orc priest/nerve-wracking pain (14)]
  4335 | D:6      | Killed from afar by an orc priest

Illustrated notes

Levels and vault maps discovered:
D:1:      dpeg_arrival_short_road, layout_basic, skrybe_limestone_x
D:2:      layout_basic, hellmonk_ecumenical_altar_leap_of_faith, uniq_terence
D:3:      layout_basic, nicolae_qazlal_style_of_elements,
          mainiacjoe_overflow_catch_the_wave, mainiacjoe_overflow_alcove_4,
          portal_sewer_entry_a, serial_forest, infiniplex_forest_lined_3,
          infiniplex_forest_clump_medium, infiniplex_forest_clump_tiny,
          infiniplex_forest_clump_large, infiniplex_forest_lined_2,
          infiniplex_forest_corner_2, infiniplex_forest_lined_2,
          infiniplex_forest_lined_room_2
D:4:      layout_basic, enter_ossuary_1, corexii_checkpoint_a
D:5:      layout_basic, minmay_temple_entry_glassed_door, uniq_ijyb,
          uniq_grinder
D:6:      layout_rooms, grunt_temple_overflow_order_and_chaos_1,
          uniq_blork_the_orc, uniq_edmund, uniq_menkaure
Temple:   nicolae_temple_hex_pool

Skill      XL: |  1  2  3  4  5  6  7  8 |
---------------+-------------------------+-----
Fighting       | 4 5 6 |  6.2
Armour         | 4 5 6 7 |  7.0
Shields        | 4 5 |  5.1
Long Blades    | 3 4 |  4.3
Maces & Flails | 2 4 6 7 |  7.4
Dodging        | 1 |  1.2
Stealth        | |  0.5

Action                     |  1- 3 |  4- 6 |  7- 9 || total
---------------------------+-------+-------+-------++-------
  Melee: Long sword        |    78 |    12 |       ||    90
         Headbutt          |    13 |    47 |    13 ||    73
         Mace              |       |   175 |    78 ||   253
    Use: Potion            |     4 |       |     2 ||     6
         Scroll            |     6 |     8 |       ||    14
 Armour: Scale mail        |    38 |    11 |       ||    49
         Plate armour      |       |    66 |    43 ||   109
         Chain mail        |       |     3 |       ||     3
  Dodge: Dodged            |    38 |    36 |    18 ||    92
  Block: Buckler           |    15 |    27 |    12 ||    54
